 Dungeon Sprint DCSS version 0.31-a0-43-g46d131a48f (webtiles) character file.

Game seed: 495736864263157476

158 fozzywoppz the Covert (level 5, -2/24 HPs)
             Began as a Spriggan Enchanter on May 18, 2023.
             Slain by a sun demon (10 damage)
             ... summoned by a kobold demonologist
             ... in the Dungeon (Sprint III: "The Ten Rune Challenge").
             The game lasted 00:02:05 (143 turns).

fozzywoppz the Covert (Spriggan Enchanter)           Turns: 143, Time: 00:02:06

Health: -2/24      AC:  2    Str:  4    XL:     5   Next: 16%
Magic:  8/13       EV: 23    Int: 16    God:
Gold:   28         SH:  0    Dex: 18    Spells: 6/14 levels left

rFire   . . .        a - +1 dagger
rCold   . . .        (no shield)
rNeg    . . .        b - +0 robe
rPois   .            (helmet restricted)
rElec   .            (no cloak)
rCorr   .            (gloves unavailable)
SInv    +            (boots unavailable)
Will    .....        (no amulet)
Stlth   +++++        (no ring)
HPRegen 0.24/turn    (no ring)
MPRegen 0.13/turn

%: no teleportation
@: confusing by touch, very quick
A: very small, no large weapons, unfitting armour, see invisible, speed 3
a: no special abilities


You were in the Dungeon.
You visited 1 branch You collected 28 gold pieces.

Inventory:

Hand Weapons
 a - a +1 dagger (weapon)
Missiles
 j - 6 stones (quivered)
Armour
 b - a +0 robe (worn)
Scrolls
 i - a scroll of blinking
 l - a scroll of immolation {unknown}
 o - a scroll of torment {unknown}
 p - a scroll of vulnerability {unknown}
Potions
 c - 2 potions of invisibility
 d - 2 potions of curing
 e - a potion of heal wounds
 f - a potion of haste
 g - 2 potions of magic
 h - a potion of berserk rage
 n - 2 potions of flight


   Skills:
 + Level 2.3 Short Blades
 + Level 8.6 Dodging
 + Level 10.5 Stealth
 - Level 5.0 Spellcasting
 - Level 6.0 Hexes


You had 6 spell levels left.
You knew the following spells:

 Your Spells              Type           Power      Damage    Failure   Level
a - Ensorcelled Hibernat  Hex/Ice        26%        N/A       7%          2
b - Confusing Touch       Hex            23%        N/A       3%          3
c - Tukima's Dance        Hex            23%        N/A       3%          3

Your spell library contained the following spells:

 Spells                   Type           Power      Damage    Failure   Level
 Dazzling Flash           Conj/Hex       26%        N/A       13%         3


Dungeon Overview and Level Annotations

Branches:
Dungeon (1/1)

Altars:
Kikubaaqudgha
Sif Muna
Vehumet


Innate Abilities, Weirdness & Mutations

You are very small and have problems with some larger weapons.
You are too small for most types of armour.
You have supernaturally acute eyesight. (SInv)
You cover ground extremely quickly. (Speed+++)


Message History

Found a book of the Hunter and a book of Dreams.
Found two altars.
There is an open door here.
The helpless wizard fails to defend itself.
You perforate the wizard like a sieve!!!
You kill the wizard!
Your Short Blades skill increases to level 2!
You have reached level 5!
You feel agile.
The kobold demonologist shouts!
The kobold demonologist completely misses you.
Things that are here:
a +0 dagger; a +0 robe; a book of the Hunter You barely miss the kobold demonologist.
The kobold demonologist mumbles some strange words.
You barely miss the kobold demonologist.
The kobold demonologist hits you with a +0 dagger.
You hit the kobold demonologist but do no damage.
The crimson imp completely misses you. The white imp barely misses you.
The kobold demonologist gestures wildly while chanting.
Casting: Ensorcelled Hibernation (safe; 7% risk of failure)
Confirm with . or Enter, or press ? or * to list all spells.
Aiming: Ensorcelled Hibernation (safe; 7% risk of failure)
Press: ? - help, Shift-Dir - straight line, f - kobold demonologist
Aim: a kobold demonologist, wielding a +0 dagger and wearing a +0 robe (chance to affect: 29%)
The kobold demonologist easily resists.
The crimson imp barely misses you. The white imp gestures at you.
The puff of frost misses you.
The puff of frost hits the sun demon.
The sun demon closely misses you.
The kobold demonologist mumbles some strange words.
Casting: Ensorcelled Hibernation (safe; 7% risk of failure)
Confirm with . or Enter, or press ? or * to list all spells.
The spell is quite dangerous to miscast (3% risk of failure)!
Continue anyway? [Y]es or [N]o only, please.
The spell is quite dangerous to miscast (3% risk of failure)!
Continue anyway?
Your hands begin to glow red.
The crimson imp misses you. The white imp completely misses you.
The sun demon hits you!
Ouch! That really hurt!
You are engulfed in flames!
You die...

#.......#..#..#
##.##...#..#..###+#+###
##.###..##'#..#........
###.##..###...'.⌠......
#..##..####...#...####
...##†.###....#.⌠.#
..##...##.....#...#
.##....#..†...#5###
###..##.#..†..#.@K# #
#..#####....#353# ▓
▓▓▓▓ ▓▓▓▓▓▓▓▓▓▓


You could see a sun demon (summoned), a kobold demonologist, a smoke demon
(summoned), a crimson imp (summoned) and a white imp (summoned).

Vanquished Creatures
  A scorpion (D)
  A water elemental (D)
  A wizard (D)
  A human (D)
  An endoplasm (D)
  3 rats (D)
8 creatures vanquished.

Notes
Turn   | Place    | Note
-------+----------+-------------------------------------------
     0 | D        | fozzywoppz the Spriggan Enchanter began the quest for the
                  | Orb.
     0 | D        | Reached XP level 1. HP: 9/9 MP: 5/5
    38 | D        | Reached skill level 5 in Stealth
    64 | D        | Noticed a scorpion
    67 | D        | Killed a scorpion
    68 | D        | Reached skill level 5 in Dodging
    68 | D        | Reached skill level 7 in Stealth
    68 | D        | Reached skill level 5 in Spellcasting
    68 | D        | Reached skill level 5 in Hexes
    68 | D        | Reached XP level 2. HP: 13/13 MP: 6/9
    68 | D        | Reached XP level 3. HP: 16/16 MP: 6/10
    71 | D        | Learned a level 2 spell: Ensorcelled Hibernation
    97 | D        | Reached skill level 8 in Stealth
    97 | D        | Reached XP level 4. HP: 17/21 MP: 8/12
   116 | D        | Learned a level 3 spell: Confusing Touch
   120 | D        | Learned a level 3 spell: Tukima's Dance
   122 | D        | Gained mutation: Your body sometimes deteriorates upon
                  | taking damage. [potion of mutation]
   122 | D        | Gained mutation: You occasionally lose the ability to drink
                  | potions when taking damage. [potion of mutation]
   123 | D        | Lost mutation: Your body sometimes deteriorates upon taking
                  | damage. [potion of mutation]
   123 | D        | Lost mutation: You occasionally lose the ability to drink
                  | potions when taking damage. [potion of mutation]
   123 | D        | Gained mutation: You are vulnerable to heat. (rF-) [potion
                  | of mutation]
   124 | D        | Lost mutation: You are vulnerable to heat. (rF-) [potion of
                  | mutation]
   124 | D        | Gained mutation: You are robust. (+10% HP) [potion of
                  | mutation]
   124 | D        | Lost mutation: You are robust. (+10% HP) [potion of
                  | mutation]
   130 | D        | Noticed a water elemental
   132 | D        | Killed a water elemental
   133 | D        | Reached skill level 10 in Stealth
   135 | D        | Found a radiant altar of Vehumet.
   136 | D        | Found a shimmering blue altar of Sif Muna.
   136 | D        | Found an ancient bone altar of Kikubaaqudgha.
   136 | D        | Noticed a wizard
   137 | D        | Killed a wizard
   138 | D        | Reached XP level 5. HP: 24/24 MP: 13/13
   142 | D        | Noticed a sun demon
   143 | D        | Noticed a smoke demon
   143 | D        | Slain by a sun demon

Illustrated notes

Levels and vault maps discovered:
D:        dungeon_sprint_mu [sprint_mu_entry_cave, sprint_mu_temple_rooms,
          sprint_mu_d1_spiders, sprint_mu_d2_genie, sprint_mu_d3_branching,
          sprint_mu_orc_legion, sprint_mu_elf_gauntlet, sprint_mu_hive_nellie,
          sprint_mu_lair_fedhas, sprint_mu_vaults_butterflies,
          sprint_mu_slime_circle, sprint_mu_shoals_kraken,
          sprint_mu_snake_twists, sprint_mu_blade_basic,
          sprint_mu_crypt_fortress, sprint_mu_tomb_spiral,
          sprint_mu_vestibule_basic, sprint_mu_gehenna_hellfire,
          sprint_mu_dis_giant, sprint_mu_tartarus_statrot,
          sprint_mu_cocytus_islands, sprint_mu_zot1]

Skill      XL: |  1  2  3  4 |
---------------+-------------+-----
Dodging        | 5 6 8 |  8.6
Spellcasting   | 5 |  5.0
Hexes          | 5 6 |  6.0
Stealth        | 7 8 10 | 10.5
Short Blades   | 2 |  2.3

Action                     |  1- 3 |  4- 6 || total
---------------------------+-------+-------++-------
  Melee: Dagger            |    35 |     5 ||    40
   Cast: Ensorcelled Hiber |     1 |     1 ||     2
         Confusing Touch   |       |     1 ||     1
    Use: Potion            |       |     3 ||     3
         Scroll            |       |     2 ||     2
   Stab: Sleeping          |     4 |     2 ||     6
 Armour: Robe              |     1 |       ||     1
  Dodge: Dodged            |    26 |     8 ||    34

Table legend: (Time is in decaauts)
 A = Elapsed time spent in this place.
 B = Non-inter-level travel time spent in this place.
 C = Inter-level travel time spent in this place.
 D = Time resting spent in this place.
 E = Time spent auto-exploring this place.
 F = Levels seen in this place.
 G = Mean time per level.
                   A        B        C        D        E       F      G
               +--------+--------+--------+--------+--------+-----+--------+
         Total |    110 |    110 |      0 |      0 |      3 |   1 |  110.0 |
       Dungeon |    110 |    110 |      0 |      0 |      3 |   1 |  110.0 |
               +--------+--------+--------+--------+--------+-----+--------+

Top non-repeatable levels by time:
       D: 110 daAuts
